 Dungeon Crawl Stone Soup version 0.20-a0-433-g9e36e56 (webtiles) character file.

62 Kriby the Magician (level 3, -1/24 HPs)
             Began as a Mummy Earth Elementalist on Jan 4, 2017.
             Slain by a dart slug (3 damage)
             ... on level 2 of the Dungeon.
             The game lasted 00:02:43 (2654 turns).

Kriby the Magician (Mummy Earth Elementalist)       Turns: 2654, Time: 00:02:44

Health: -1/24      AC:  2    Str: 11    XL:     3   Next: 85%
Magic:  9/9        EV: 12    Int: 15    God:
Gold:   46         SH:  0    Dex: 12    Spells: 10/11 levels left

rFire  x . .     SeeInvis .     b - +0 halberd
rCold  + . .     Gourm    .     c - +0 robe
rNeg   + + +     Faith    .     (shield currently unavailable)
rPois  ∞         Spirit   .     (no helmet)
rElec  .         Reflect  .     (no cloak)
rCorr  .         Harm     .     (no gloves)
MR     .....                    (no boots)
Stlth  ++........               (no amulet)
                                (no ring)
                                (no ring)

@: no status effects
A: no food or potions, fire vulnerability, cold resistance 1, negative energy
resistance 3, torment resistance, unbreathing
a: no special abilities


You were on level 2 of the Dungeon.
You were not hungry.

You visited 1 branch of the dungeon, and saw 2 of its levels.

You collected 46 gold pieces.

Inventory:

Hand Weapons
 a - a +0 mace
 b - a +0 halberd (weapon)
Armour
 c - a +0 robe (worn)
Scrolls
 e - a scroll of noise
 f - a scroll of fog
Books
 d - a book of Geomancy

   Spells                             Type                      Level
   a - Sandblast                      Earth                        1
   b - Passwall                       Transmutation/Earth          2
   c - Stone Arrow                    Conjuration/Earth            3
   d - Petrify                        Transmutation/Earth          4
   e - Lee's Rapid Deconstruction     Earth                        5


   Skills:
 - Level 1.5 Dodging
 - Level 1.5 Stealth
 * Level 4.8 Spellcasting
   Level 0.7 Transmutations
 + Level 2.8 Earth Magic


You had 10 spell levels left.
You knew the following spells:

 Your Spells              Type           Power        Failure   Level  Hunger
a - Sandblast             Erth           ##....       6%          1    N/A

Dungeon Overview and Level Annotations

Branches:
Dungeon (2/15)

Altars:


Innate Abilities, Weirdness & Mutations

You do not eat or drink.
Your flesh is vulnerable to fire.
You are immune to poison.
Your flesh is cold resistant. (rC+)
You are immune to negative energy. (rN+++)
You are immune to unholy pain and torment.
You can survive without breathing.


Message History

The hobgoblin hits you.
* * * LOW HITPOINT WARNING * * *
The giant cockroach barely misses you. The kobold hits you with a dagger.
* * * LOW HITPOINT WARNING * * *
The kobold barely misses you. The giant cockroach closely misses you.
The giant cockroach bites you.
* * * LOW HITPOINT WARNING * * *
The kobold hits you with a dagger.
* * * LOW HITPOINT WARNING * * *
As you read the scroll labeled EMAEW ASYHEUCK, it crumbles to dust.
You hear a loud clanging noise!
It was a scroll of noise.
As you read the scroll labeled SEGOYG INI TAO, it crumbles to dust.
The scroll dissolves into smoke.
It was a scroll of fog.
The kobold closely misses you.
A dart slug comes into view.
The dart slug bites you.
You die...

#..#.#.#
#≈≈...≈≈#
#.....# #..##
..<#.#.#
#≈≈...≈≈#
#####.###.#
####.#.#
#≈≈...≈≈#
#......##.
#.#.#
#≈≈...≈≈#
#.##.#.####
#.#.#
#≈.....≈#
#.........#
#..
#..#)##.####
..
#..#.##....##
#####.#### ##
#.###...).
......w@§#
..# #.#.##
########K#
### #..##
#...#g# ##.#
#...#§# #.#
#...#§#.# #.#
#...#§#.###..
###
#...#.#......
#....s.......
#............


You could see a dart slug, a hobgoblin and a kobold.

Vanquished Creatures
  3 gnolls (D:2)
  A leopard gecko (D:1)
  7 goblins
  3 hobgoblins
  2 jackals (D:1)
  4 bats (D:1)
  3 frilled lizards (D:1)
  8 kobolds
  2 rats (D:1)
33 creatures vanquished.

Vanquished Creatures (others)
  A leopard gecko (D:2)
1 creature vanquished.

Grand Total: 34 creatures vanquished

Notes
Turn   | Place    | Note
-------+----------+-------------------------------------------
     0 | D:1      | Kriby the Mummy Earth Elementalist began the quest for the Orb.
     0 | D:1      | Reached XP level 1. HP: 13/13 MP: 4/4
   130 | D:1      | Reached skill level 3 in Spellcasting
   207 | D:1      | Reached XP level 2. HP: 19/19 MP: 6/6
  1619 | D:2      | Reached skill level 4 in Spellcasting
  2081 | D:2      | Reached XP level 3. HP: 14/24 MP: 3/8
  2648 | D:2      | HP: 1/24 [kobold/dagger (2)]
  2654 | D:2      | Slain by a dart slug

Vault maps used:
D:1:      matt_arrival_grand_opening, feat_on_display
D:2:      minmay_kobold_bridge, marbit_many_paths,
          grunt_temple_overflow_cloverleaf, lemuel_flame_loot_1

Skill      XL: |  1  2 |
---------------+-------+-----
Spellcasting   | 3 4 |  4.8
Dodging        | |  1.5
Stealth        | |  1.5
Transmutations | |  0.7
Earth Magic    | |  2.8

Action                   || total
-------------------------++-------
Melee: Mace              ||    64
       Halberd           ||     7
 Cast: Sandblast         ||    38
  Use: Scroll            ||     2
 Stab: Sleeping          ||     2
Armor: Robe              ||    21
Dodge: Dodged            ||    86
